 Dungeon Crawl Stone Soup version 0.30-a0-373-gd37427bb62 (webtiles) character file.

Game seed: 8743013164121720881

63 NinjaNoafa the Chopper (level 4, -1/39 HPs)
             Began as a Hill Orc Fighter on Nov 23, 2022.
             Slain by a gnoll
             ... wielding a +0 whip
              (4 damage)
             ... on level 2 of the Dungeon.
             The game lasted 00:02:56 (1280 turns).

NinjaNoafa the Chopper (Hill Orc Fighter)           Turns: 1280, Time: 00:02:57

Health: -1/39      AC: 14    Str: 20    XL:     4   Next: 10%
Magic:  4/4        EV:  4    Int:  8    God:
Gold:   85         SH:  8    Dex: 10    Spells: 3/3 levels left

rFire   . . .      SeeInvis .    a - +0 war axe
rCold   . . .      Faith    .    k - +0 kite shield
rNeg    . . .      Spirit   .    c - +0 plate armour
rPois   .          Reflect  .    (no helmet)
rElec   .          Harm     .    (no cloak)
rCorr   .          Rampage  .    (no gloves)
Will    .....                    g - +2 pair of boots
Stlth   ..........               (no amulet)
HPRegen 0.26/turn                (no ring)
MPRegen 0.09/turn                (no ring)

@: no status effects
A: no striking features
a: no special abilities


You were on level 2 of the Dungeon.
You visited 1 branch of the dungeon, and saw 2 of its levels.

You collected 85 gold pieces.

Inventory:

Hand Weapons
 a - a +0 war axe (weapon)
Missiles
 e - 14 stones (quivered)
Armour
 c - a +0 plate armour (worn)
 g - a +2 pair of boots (worn)
 k - a +0 kite shield (worn)
Scrolls
 b - a scroll of identify {unknown}
 h - a scroll of blinking {unknown}
 l - a scroll of enchant weapon {unknown}
Potions
 d - a potion of might
 f - a potion of cancellation {unknown}
 i - a potion of heal wounds {unknown}
 j - a potion of lignification {unknown}


   Skills:
 - Level 3.6 Fighting
 - Level 3.7(4.6) Axes
 + Level 3.3(3.9) Polearms
 - Level 3.2 Armour
 - Level 3.2 Shields


You had 3 spell levels left.
You didn't know any spells.
Your spell library contained the following spells:

 Spells                   Type           Power      Damage    Failure   Level
 Apportation              Tloc           0%         N/A       100%        1
 Sublimation of Blood     Necr           0%         N/A       100%        2
 Petrify                  Tmut/Erth      0%         N/A       100%        4
 Alistair's Intoxication  Tmut/Pois      0%         N/A       100%        5
 Irradiate                Conj/Tmut      0%         3d11      100%        5


Dungeon Overview and Level Annotations

Branches:
Dungeon (2/15)

Altars:

Shops:
D:1 (


Message History

You are too injured to fight recklessly!
You are too injured to fight recklessly!
You are too injured to fight recklessly!
You are too injured to fight recklessly!
You are too injured to fight recklessly!
You are too injured to fight recklessly!
You barely miss the gnoll.
The gnoll is moderately wounded.
You barely miss the gnoll. You block the gnoll's attack.
The gnoll hits you with a +0 whip. The gnoll hits you but does no damage.
You slash the gnoll!
You kill the gnoll!
You hit the gnoll but do no damage. The gnoll hits you with a +0 whip.
* * * LOW HITPOINT WARNING * * *
You block the gnoll's attack. x2; The gnoll hits you but does no damage.
You have reached level 4!
You block the ball python's attack. The ball python grabs you.
The ball python constricts you.
You closely miss the ball python.
The ball python bites you but does no damage.
The ball python constricts you. You block the gnoll's attack.
You hit the gnoll but do no damage. You hit the ball python.
The ball python bites you but does no damage.
The ball python constricts you. The gnoll hits you but does no damage.
You block the gnoll's attack.
The ball python bites you but does no damage.
The ball python constricts you.
* * * LOW HITPOINT WARNING * * *
The gnoll hits you from afar with a +0 spear.
* * * LOW HITPOINT WARNING * * *
The gnoll hits you with a +0 whip.
* * * LOW HITPOINT WARNING * * *
The ball python's grasp on you weakens, but your attempt to escape fails.
You block the ball python's attack. The ball python constricts you.
The gnoll hits you but does no damage. The gnoll hits you with a +0 whip.
* * * LOW HITPOINT WARNING * * *
Unknown command.
You escape the ball python's grasp.
The gnoll attacks as you move away! The gnoll hits you with a +0 whip.
You die...

#..>... ...............
#...... ..###....#......
...... #....#......
#....# #....#†.....
##..?.# #....#......
#.....# #...........
#....)# #........###
#...)g#######........###
#.....S@.............##.
#...#wg......###.....##^
#...#........# #.....##.
#.. ########## #.....##.
#.. #.....##. #.
#.....##. #. .......##


You could see 2 gnolls, a dart slug and a ball python.

Vanquished Creatures
  2 gnolls (D:2)
  An adder (D:2)
  A dart slug (D:2)
  A ball python (D:1)
  3 endoplasms
  A giant cockroach (D:2)
  6 hobgoblins
  2 jackals (D:1)
  A quokka (D:2)
  3 bats
  A frilled lizard (D:1)
  2 goblins (D:1)
  2 kobolds (D:1)
  8 rats
34 creatures vanquished.

Notes
Turn   | Place    | Note
-------+----------+-------------------------------------------
     0 | D:1      | NinjaNoafa the Hill Orc Fighter began the quest for the
                  | Orb.
     0 | D:1      | Reached XP level 1. HP: 19/19 MP: 1/1
   142 | D:1      | Found Ybig's Weapon Shoppe.
   151 | D:1      | Reached XP level 2. HP: 26/26 MP: 2/2
   642 | D:1      | Reached skill level 1 in Polearms
   976 | D:2      | Reached XP level 3. HP: 28/31 MP: 3/3
  1275 | D:2      | Reached XP level 4. HP: 11/39 MP: 4/4
  1280 | D:2      | Slain by a gnoll

Illustrated notes

Levels and vault maps discovered:
D:1:      psy_arrival_whirlpool, layout_basic, serial_shops,
          nicolae_shop_waterfront, roderic_roman_lattice,
          minmay_misc_feat_alley, minivault_27
D:2:      layout_basic, grunt_ministairs_7

Skill      XL: |  1  2  3 |
---------------+----------+-----
Axes           | 3 |  3.7
Polearms       | 2 3 |  3.3
Fighting       | |  3.6
Armour         | |  3.2
Shields        | |  3.2

Action                   |  1- 3 |  4- 6 || total
-------------------------+-------+-------++-------
Melee: War axe           |    87 |     2 ||    89
Armor: Scale mail        |     5 |       ||     5
       Chain mail        |    13 |       ||    13
       Plate armour      |    31 |     5 ||    36
Dodge: Dodged            |    28 |       ||    28
Block: Buckler           |     9 |       ||     9
       Kite shield       |    22 |     4 ||    26

Table legend: (Time is in decaauts)
 A = Elapsed time spent in this place.
 B = Non-inter-level travel time spent in this place.
 C = Inter-level travel time spent in this place.
 D = Time resting spent in this place.
 E = Time spent auto-exploring this place.
 F = Levels seen in this place.
 G = Mean time per level.
                   A        B        C        D        E       F      G
               +--------+--------+--------+--------+--------+-----+--------+
         Total |   1320 |   1188 |    132 |      0 |    869 |   2 |  660.0 |
       Dungeon |   1320 |   1188 |    132 |      0 |    869 |   2 |  660.0 |
               +--------+--------+--------+--------+--------+-----+--------+

Top non-repeatable levels by time:
     D:1: 982 daAuts
     D:2: 337 daAuts
